 Dungeon Crawl Stone Soup version 0.31-a0-818-ge7c7cf74f0 (webtiles) character file.

Game seed: 11217402848242233802

2792 lunkers the Grappler (level 10, 0/94 HPs)
             Began as a Meteoran Shapeshifter on Sept 22, 2023.
             Was a Priest of Hepliaklqana.
             Slain by a polar bear (2 damage)
             ... on level 1 of the Lair of Beasts.
             The game lasted 00:14:02 (3217 turns).

lunkers the Grappler (Meteoran Shapeshifter)        Turns: 3217, Time: 00:14:02

Health: 0/94       AC: 10    Str: 18    XL:     10   Next: 21%
Magic:  11/11      EV: 11    Int: 18    God:    Hepliaklqana [***...]
Gold:   411        SH:  0    Dex: 16    Spells: 9/9 levels left

rFire   . .          .
                       - Unarmed
rCold   . . .        (shield currently unavailable)
rNeg    . . .        w - +0 ring mail
rPois   .            (no helmet)
rElec   .            o - +0 cloak
rCorr   .            u - +0 pair of gloves
SInv    +            h - +2 pair of boots
Will    +....        (no amulet) Stlth
                     m - ring of see invisible
HPRegen 0.35/turn    t - +6 ring of intelligence
MPRegen 0.12/turn

%: no passive effects
@: berserking, lethally poisoned (0 -> -3), flux-form, glowing, very quick
A: glow, contaminating, reduced essence, sense surroundings 2, otherworldly,
glowing, explore regen
a: Begin Untransformation, Renounce Religion, Recall Ancestor, Ancestor
Identity, Transference


You were on level 1 of the Lair of Beasts.
You worshipped Hepliaklqana.
Hepliaklqana was most pleased with you.
You were something dangerously unstable.
You visited 2 branches of the dungeon, and saw 9 of its levels.

You collected 411 gold pieces.

Inventory:

Hand Weapons
 l - a +3 quarterstaff of chaos
Missiles
 g - a throwing net
Armour
 a - a +0 animal skin
 h - a +2 pair of boots (worn)
 o - a +0 cloak (worn)
 u - a +0 pair of gloves (worn)
 w - a +0 ring mail (worn)
Jewellery
 k - a +6 ring of intelligence
 m - a ring of see invisible (left hand)
 t - a +6 ring of intelligence (right hand)
Talismans
 c - a beast talisman
 d - a flux talisman (active)
Wands
 p - a wand of paralysis (11)
 y - a wand of iceblast (16)
 z - a wand of flame (38)
Scrolls
 b - a scroll of fear {unknown}
 r - 3 scrolls of noise
 x - 2 scrolls of teleportation
 B - a scroll of brand weapon
Potions
 e - 2 potions of heal wounds
 f - a potion of attraction
 i - a potion of magic {unknown}
 j - 5 potions of curing
 n - a potion of haste {unknown}
 q - a potion of mutation {unknown}
 s - a potion of invisibility {unknown}
 v - a potion of berserk rage


   Skills:
 - Level 1.1 Fighting
 - Level 2.1 Dodging
 * Level 13.0 Unarmed Combat
 + Level 9.1 Shapeshifting


You had 9 spell levels left.
You didn't know any spells.
Your spell library contained the following spells:

 Spells                   Type           Power      Damage    Failure   Level
 Cigotuvi's Dreadful Rot  Necr/Pois/Air  0%         N/A       52%         2
 Ensorcelled Hibernation  Hex/Ice        0%         N/A       52%         2
 Passwall                 Tmut/Erth      0%         N/A       52%         2
 Ignite Poison            Fire/Tmut/Pois 0%         N/A       75%         3
 Swiftness                Air            0%         N/A       75%         3
 Freezing Cloud           Conj/Ice/Air   0%         6-21      100%        5


Dungeon Overview and Level Annotations

Branches:
Dungeon (8/15) Zot: 1638   Temple (0/1) D:5            Lair (1/5) D:8 Zot: 588

Altars:
Gozag
Hepliaklqana
Qazlal
Wu Jian

Annotations:
D:6 1 transporter, IdlyInterested's ghost, novice DsFi


Innate Abilities, Weirdness & Mutations

You are something dangerously unstable.
You glow with magical radiation, making you easy to see and hit.
Foes you strike become dangerously contaminated with magical radiation.
You are incapable of wielding weapons or throwing items.
Your life essence is reduced to manifest your ancestor. (-10% HP)
You passively map the area around you.
You are easily found by Zot.
You glow in the dark.
You regain HP and MP as you explore.


Message History

The polar bear is severely wounded.
The polar bear goes berserk!
You punch the polar bear!
The polar bear begins to glow.
The polar bear is almost dead.
The polar bear closely misses you. x2; The polar bear barely misses you.
You punch the polar bear!
You kill the polar bear!
The water moccasin bites you!
You are poisoned.
The water moccasin poisons you!
Your Unarmed Combat skill increases to level 13!
Your Shapeshifting skill increases to level 9!
You closely miss the water moccasin.
You feel very sick.
The water moccasin bites you but does no damage.
You miss the water moccasin.
You feel sick. The water moccasin bites you.
You barely miss the polar bear.
You feel sick.
The water moccasin bites you but does no damage.
You hit the water moccasin.
The water moccasin begins to glow.
The water moccasin is moderately wounded.
You feel sick. The polar bear bites you!
* * * LOW HITPOINT WARNING * * *
The polar bear closely misses you. The polar bear claws you.
* * * LOW HITPOINT WARNING * * *
The water moccasin bites you but does no damage.
A red film seems to cover your vision as you go berserk!
You feel yourself moving faster!
You feel mighty!
You feel sick. The water moccasin bites you.
* * * LOW HITPOINT WARNING * * *
The polar bear bites you!
* * * LOW HITPOINT WARNING * * *
The polar bear barely misses you.
The polar bear claws you but does no damage.
The water moccasin barely misses you.
You barely miss the water moccasin.
The water moccasin is lightly wounded.
You feel sick. The polar bear bites you!
* * * LOW HITPOINT WARNING * * *
The polar bear closely misses you. The polar bear claws you.
You die...

* * ,,, * *** ,
*
####.........).,
,
,...............
, , , ,
...............
, ,
...............
, ,
...............,
, ,
...............
, ,,
.......h.......
, * , * #P.p.#
** ,* , * ##.S.#
, ***,, , ,,
#..<# ** ,, * *
, , #...# ,, , *
,, ** , #...# ,
, *, , ,+...# ,
,, #...# * , ,
**P...# ,,,
#.?..P ** *


You could see a polar bear and a water moccasin (contam).

Vanquished Creatures
  A polar bear (Lair:1)
  A steam dragon (D:8)
  2 yaks (D:8)
  2 water moccasins (D:8)
  2 black bears (D:8)
  2 orc warriors
  2 sky beasts (D:7)
  An ice beast (D:7)
  A phantom (D:5)
  2 bullfrogs
  A kobold brigand (D:7)
  2 scorpions (D:8)
  4 wights
  A killer bee (D:7)
  A hound (D:5)
  2 orc priests
  3 jellies
  Crazy Yiuf (D:3)
  2 sleepcaps
  3 orc wizards
  5 adders
  3 white imps
  3 ufetubi
  3 worms
  A dart slug (D:1)
  11 orcs
  4 endoplasms
  12 giant cockroaches
  9 goblins
  5 hobgoblins
  7 jackals
  2 quokkas
  5 ball pythons
  4 bats
  5 frilled lizards
  13 kobolds
  2 rats
130 creatures vanquished.

Vanquished Creatures (collateral kills)
  A scorpion (D:6)
  A wight (D:6)
  A howler monkey (D:5)
  A white imp (D:6)
  2 worms (D:2)
  5 orcs
  An endoplasm (D:2)
  3 giant cockroaches (D:2)
  2 goblins (D:3)
  2 kobolds (D:2)
  A rat (D:2)
20 creatures vanquished.

Vanquished Creatures (others)
  2 ancestors
2 creatures vanquished.

Grand Total: 152 creatures vanquished

Notes
Turn   | Place    | Note
-------+----------+-------------------------------------------
     0 | D:1      | lunkers the Meteoran Shapeshifter began the quest for the
                  | Orb.
     0 | D:1      | Reached XP level 1. HP: 16/16 MP: 2/2
    64 | D:1      | Reached skill level 4 in Unarmed Combat
    64 | D:1      | Reached XP level 2. HP: 23/23 MP: 3/3
   177 | D:1      | Reached XP level 3. HP: 27/28 MP: 4/4
   420 | D:1      | Found a faded altar of an unknown god.
   426 | D:1      | Prayed at the altar of an unknown god.
   426 | D:1      | Became a worshipper of Hepliaklqana the Forgotten
   426 | D:1      | Reached * piety under Hepliaklqana
   502 | D:1      | Glimpsed the power of Zot.
   537 | D:2      | Reached XP level 4. HP: 28/31 MP: 5/5
   559 | D:2      | Reached skill level 5 in Unarmed Combat
   999 | D:2      | Reached XP level 5. HP: 30/36 MP: 6/6
  1058 | D:3      | Found a runed translucent door.
  1059 | D:3      | Noticed Crazy Yiuf
  1110 | D:3      | Found a stormy altar of Qazlal.
  1157 | D:3      | Killed Crazy Yiuf
  1304 | D:3      | Reached skill level 6 in Unarmed Combat
  1406 | D:3      | Reached ** piety under Hepliaklqana
  1683 | D:4      | Reached XP level 6. HP: 12/42 MP: 7/7
  1787 | D:4      | Reached skill level 5 in Shapeshifting
  1978 | D:5      | Entered Level 5 of the Dungeon
  2102 | D:5      | Reached skill level 7 in Unarmed Combat
  2107 | D:5      | Reached XP level 7. HP: 22/46 MP: 8/8
  2111 | D:5      | Remembered your ancestor Fikile as a battlemage
  2144 | D:5      | Found a staircase to the Ecumenical Temple.
  2313 | D:5      | Found an ornate altar of the Wu Jian Council.
  2434 | D:6      | Reached skill level 8 in Unarmed Combat
  2503 | D:6      | Reached XP level 8. HP: 36/53 MP: 9/9
  2530 | D:6      | Found a transporter.
  2531 | D:6      | Noticed IdlyInterested's ghost (novice DsFi)
  2535 | D:6      | Identified the +8 great mace of Daginkul {drain, rElec
                  | Int+4 Dex+4}
  2548 | D:6      | Reached *** piety under Hepliaklqana
  2647 | D:7      | Reached skill level 9 in Unarmed Combat
  2837 | D:7      | Reached skill level 10 in Unarmed Combat
  2870 | D:7      | Gained mutation: You passively map the area around you.
                  | [Meteoran growth]
  2870 | D:7      | Reached XP level 9. HP: 20/57 MP: 10/10
  2966 | D:8      | Found a staircase to the Lair.
  2976 | D:8      | Reached skill level 11 in Unarmed Combat
  3004 | D:8      | Reached skill level 12 in Unarmed Combat
  3027 | D:8      | Reached XP level 10. HP: 28/63 MP: 11/11
  3160 | D:8      | Found an opulent altar of Gozag.
  3203 | Lair:1   | Entered Level 1 of the Lair of Beasts
  3212 | Lair:1   | Reached skill level 13 in Unarmed Combat
  3217 | Lair:1   | HP: 2/94 [polar bear (14)]
  3217 | Lair:1   | Slain by a polar bear

Illustrated notes

Levels and vault maps discovered:
D:1:      sevenhm_arrival_forest_fort_large_4, layout_rooms,
          chequers_ecumenical_altar_grove, chequers_mini_garden
D:2:      minmay_roachtagon, layout_basic, hangedman_decor_clover_reticule,
          minmay_cupped
D:3:      layout_basic, kennysheep_orc_sif_temple, grunt_qazlal_clouds,
          uniq_crazy_yiuf_cottage
D:4:      layout_loops_corners, mainiacjoe_overflow_six_doors_small,
          serial_bayou_ford_a, chequers_jeans
D:5:      layout_rooms, amcnicky_altar_gilded, temple_pool_b
D:6:      lemuel_ice_spiral_2, layout_basic, gammafunk_ghost_smash,
          serial_glass, glass_columns_b, glass_columns_a, glass_columns_b,
          glass_columns_a, glass_columns_b, glass_columns_c
D:7:      cheibrodos_iron_armory, layout_rooms, lightli_temple_of_fire,
          minmay_increasing_density
D:8:      layout_basic, grunt_gozag_breadcrumbs, mainiacjoe_overflow_two_lobes,
          due_lair_maze_entry_diamond
Lair:1:   layout_regular_city, lemuel_fruit_fields

Skill      XL: |  1  2  3  4  5  6  7  8  9 10 |
---------------+-------------------------------+-----
Unarmed Combat | 4 5 6 7 8 10 12 13 | 13.0
Shapeshifting  | 4 5 6 7 8 9 |  9.1
Fighting       | |  1.1
Dodging        | |  2.1

Action                     |  1- 3 |  4- 6 |  7- 9 | 10-12 || total
---------------------------+-------+-------+-------+-------++-------
  Melee: Unarmed           |    57 |   166 |   154 |    32 ||   409
         Punch             |       |     3 |       |       ||     3
 Invoke: Ancestor Life: Ba |       |       |     1 |       ||     1
    Use: Scroll            |       |     7 |     7 |       ||    14
         Potion            |       |       |     1 |     1 ||     2
   Stab: Distracted        |       |     2 |     1 |       ||     3
 Armour: Animal skin       |    35 |    82 |       |       ||   117
         Ring mail         |       |    19 |    73 |    29 ||   121
         Skin              |       |       |    18 |       ||    18
  Dodge: Dodged            |    48 |   113 |    66 |    20 ||   247
   Form: Flux              |       |       |     1 |       ||     1

Table legend: (Time is in decaauts)
 A = Elapsed time spent in this place.
 B = Non-inter-level travel time spent in this place.
 C = Inter-level travel time spent in this place.
 D = Time resting spent in this place.
 E = Time spent auto-exploring this place.
 F = Levels seen in this place.
 G = Mean time per level.
                   A        B        C        D        E       F      G
               +--------+--------+--------+--------+--------+-----+--------+
         Total |   3172 |   3064 |    108 |      0 |   1906 |   9 |  352.4 |
       Dungeon |   3161 |   3053 |    108 |      0 |   1906 |   8 |  395.1 |
          Lair |     11 |     11 |      0 |      0 |      0 |   1 |   11.0 |
               +--------+--------+--------+--------+--------+-----+--------+

Top non-repeatable levels by time:
     D:1: 511 daAuts
     D:2: 494 daAuts
     D:4: 486 daAuts
     D:3: 481 daAuts
     D:5: 386 daAuts
     D:7: 358 daAuts
     D:8: 224 daAuts
     D:6: 218 daAuts
  Lair:1: 11 daAuts
